 Dungeon Crawl Stone Soup version bcrawl-1.13.4 (webtiles) character file.

Game seed: 10056140714845461313

534 Felnil the Fighter (level 7, -5/49 HPs)
             Began as a Skeleton Fighter on Aug 13, 2019.
             Was an Initiate of Ru.
             Slain by an orc
             ... wielding a +0 trident
              (7 damage)
             ... on level 4 of the Dungeon.
             The game lasted 00:10:53 (3731 turns).

Felnil the Fighter (Skeleton Fighter)               Turns: 3731, Time: 00:10:54

Health: -5/49      AC:  9    Str: 24 (25) XL:     7   Next: 4%
Magic:  0/7        EV:  6    Int:  5 (6)  God:    Ru [......]
Gold:   279        SH: 14    Dex:  8      Spells: 6/6 levels left

rFire    + . .     SeeInvis .   a - +0 war axe
rCold    . . .     Gourm    .   k - +0 large shield {AC+3}
rNeg     + + +     Faith    .   b - +0 scale mail
rPois    ∞         Spirit   +   (no helmet)
rElec    .         Reflect  .   (no cloak)
rCorr    .         Harm     .   (no gloves)
MR       ++...                  (no boots)
Stlth    ..........             (no amulet)
HPRegen  0.16/turn              j - ring of protection from magic
MPRegen  0.10/turn              m - ring of fire

@: about to teleport
A: no food or potions, cold resistance 1, deterioration 1, negative energy
resistance 3, powered by death 1, torment resistance, unbreathing, magic shield,
sturdy frame 1, spell healing
a: Renounce Religion


You were on level 4 of the Dungeon.
You worshipped Ru.
Ru was noncommittal.
You were not hungry.

You visited 1 branch of the dungeon, and saw 4 of its levels.

You collected 279 gold pieces.

Inventory:

Hand Weapons
 a - a +0 war axe (weapon)
Missiles
 d - 47 javelins (quivered)
 g - 36 tomahawks
Armour
 b - a +0 scale mail (worn)
 c - a +0 shield
 k - a +0 large shield of protection (worn)
Jewellery
 j - a ring of protection from magic (left hand)
 m - a ring of fire (right hand)
Wands
 l - a wand of polymorph (8)
Scrolls
 e - 2 scrolls of remove curse
 f - 3 scrolls of enchant weapon
 i - 2 scrolls of fog
 n - a scroll of identify
 o - a scroll of magic mapping {unknown}


   Skills:
 + Level 8.1 Fighting
 - Level 2.4 Axes
 - Level 3.2 Armour
 - Level 3.6 Shields


You had 6 spell levels left.
You didn't know any spells.
Your spell library was empty.

Dungeon Overview and Level Annotations

Branches:
Dungeon (4/12)
 Temple: D:4-7

Altars:
Dithmenos
Ru

Shops:
D:4 *


Innate Abilities, Weirdness & Mutations

You do not eat or drink.
You are immune to poison.
Your flesh is cold resistant. (rC+)
Your body sometimes deteriorates upon taking damage.
You are immune to negative energy. (rN+++)
You regenerate a little health from kills.
You are immune to unholy pain and torment.
You can survive without breathing.
When hurt, damage is shared between your health and your magic reserves.
Your movements are slightly less encumbered by armour. (ER -2)
Casting spells heals you.


Message History

Your body deteriorates!
You feel dopey.
The orc hits you with a +1 flail of draining.
The orc priest hits you but does no damage.
The orc hits you.
You closely miss the orc priest.
The orc priest is severely wounded.
You closely miss the orc. You hit the orc but do no damage.
The orc hits you from afar with a +0 trident!
* * * LOW HITPOINT WARNING * * *
You block the orc's attack. x2
The orc priest invokes the aid of Beogh against you.
Beogh smites you!
* * * LOW HITPOINT WARNING * * *
The orc hits you from afar with a +0 trident.
* * * LOW HITPOINT WARNING * * *
The orc hits you but does no damage.
As you read the scroll of teleportation, it crumbles to dust.
You feel strangely unstable. You block the orc's attack.
The orc hits you from afar with a +0 trident!
You die...

.####...!....
..##.................
....................#
....................## .
.##..................#..
......................
...†................#
.....##............#
...............o@)#
#...........#..o.o#
#.........#####)o)#
.........## #...## #
..........#
##..†######.#
....#...≈.# #..).......#
#.........#
##..#####....#
......∩.†.# ##..##
###....#
..........####...#
......


You could see an orc priest and 3 orcs.

Vanquished Creatures
  Sigmund (D:2)
  An orc warrior (D:4)
  A bullfrog skeleton (D:4)
  2 orc wizards
  Ijyb (D:3)
  A worker ant (D:4)
  2 adders (D:3)
  3 oozes
  2 adder skeletons (D:4)
  8 worms
  3 dart slugs
  5 leopard geckos
  8 orcs
  5 giant cockroaches
  8 goblins
  5 hobgoblins
  7 jackals
  10 kobolds
  A quokka (D:4)
  2 bats (D:1)
  2 frilled lizards
  2 rats
  A plant (D:1)
81 creatures vanquished.

Notes
Turn   | Place    | Note
-------+----------+-------------------------------------------
     0 | D:1      | Felnil the Skeleton Fighter began the quest for the Orb.
     0 | D:1      | Reached XP level 1. HP: 14/14 MP: 1/1
    80 | D:1      | Reached XP level 2. HP: 7/19 MP: 2/2
   439 | D:1      | Reached skill level 4 in Fighting
   446 | D:1      | Reached XP level 3. HP: 13/24 MP: 3/3
  1241 | D:2      | Reached skill level 5 in Fighting
  1241 | D:2      | Reached XP level 4. HP: 19/31 MP: 1/4
  1943 | D:2      | Noticed Sigmund
  1965 | D:2      | HP: 1/31 [Sigmund/magic dart (5)]
  1967 | D:2      | Killed Sigmund
  1967 | D:2      | Reached skill level 6 in Fighting
  1967 | D:2      | Reached XP level 5. HP: 2/37 MP: 0/5
  1967 | D:2      | Gained mutation: You regenerate a little health from kills.
                  | [Skeleton growth]
  1967 | D:2      | Reached XP level 6. HP: 2/42 MP: 0/6
  2739 | D:3      | Noticed Ijyb
  2746 | D:3      | Killed Ijyb
  2746 | D:3      | Reached skill level 7 in Fighting
  2825 | D:3      | Found a sacrificial altar of Ru.
  2825 | D:3      | Found a shadowy altar of Dithmenos.
  2829 | D:3      | Became a worshipper of Ru the Awakened
  3667 | D:4      | Found Riederch's Elemental Accessories.
  3710 | D:4      | Noticed an orc warrior
  3720 | D:4      | Killed an orc warrior
  3720 | D:4      | Reached skill level 8 in Fighting
  3720 | D:4      | Reached XP level 7. HP: 46/49 MP: 7/7
  3729 | D:4      | HP: 2/49 [orc/+0 trident (1)]
  3731 | D:4      | Slain by an orc

Skill      XL: |  1  2  3  4  5  6 |
---------------+-------------------+-----
Fighting       | 4 5 6 8 |  8.1
Axes           | |  2.4
Armour         | |  3.2
Shields        | |  3.6

Action                   |  1- 3 |  4- 6 |  7- 9 || total
-------------------------+-------+-------+-------++-------
Melee: War axe           |   104 |   141 |     8 ||   253
Throw: Javelin           |     6 |    29 |       ||    35
  Use: Scroll            |       |     5 |     1 ||     6
Armor: Scale mail        |    55 |    49 |     5 ||   109
Dodge: Dodged            |    43 |    45 |     1 ||    89
Block: Shield            |    68 |    37 |       ||   105
       Large shield      |       |    64 |    16 ||    80
